 Dungeon Sprint DCSS version 0.30-a0-465-g8901f6c8b5 (webtiles) character file.

Game seed: 9597380321973546883

3861 rocky1 the Bludgeoner (level 9, -9/85 HPs)
             Began as a Minotaur Fighter on Dec 19, 2022.
             Was an Initiate of Gozag.
             Mangled by an orc knight
             ... wielding a +0 halberd
              (20 damage)
             ... in the Dungeon (Sprint III: "The Ten Rune Challenge").
             The game lasted 00:06:46 (1917 turns).

rocky1 the Bludgeoner (Minotaur Fighter)            Turns: 1917, Time: 00:06:47

Health: -9/85      AC:  8    Str: 26    XL:     9   Next: 99%
Magic:  8/8        EV: 12    Int:  5    God:    Gozag
Gold:   1544       SH:  7    Dex:  9    Spells: 8/8 levels left

rFire   . . .      SeeInvis .    a - +0 flail
rCold   . . .      Faith    .    c - +0 buckler
rNeg    . . .      Spirit   .    b - +0 scale mail
rPois   .          Reflect  .    (helmet restricted)
rElec   .          Harm     .    (no cloak)
rCorr   .          Rampage  .    (no gloves)
Will    .....      NoTele   +    (no boots)
Stlth   ..........               (no amulet)
HPRegen 0.34/turn                (no ring)
MPRegen 0.11/turn                (no ring)

@: mighty
A: horns 2, retaliatory headbutt
a: Renounce Religion, Potion Petition, Call Merchant, Bribe Branch


You were in the Dungeon.
You worshipped Gozag.
Gozag was most pleased with you.
You visited 1 branch You collected 1895 gold pieces.
You paid 351 gold pieces to Gozag.

Inventory:

Hand Weapons
 a - a +0 flail (weapon)
Armour
 b - a +0 scale mail (worn)
 c - a +0 buckler (worn)
Wands
 k - a wand of flame (22)
Scrolls
 j - a scroll of blinking
 n - 2 scrolls of poison {unknown}
 o - 2 scrolls of identify
 p - a scroll of acquirement {unknown}
Potions
 e - a potion of curing
 g - a potion of haste
 h - 2 potions of magic
 l - 3 potions of flight {unknown}
 m - 2 potions of invisibility {unknown}
 q - 6 potions of mutation


   Skills:
 + Level 10.0 Fighting
 + Level 16.9 Maces & Flails
 + Level 10.2 Armour
 + Level 8.5 Dodging
 + Level 14.1 Shields
 - Level 5.0 Evocations


You had 8 spell levels left.
You didn't know any spells.
Your spell library contained the following spells:

 Spells                   Type           Power      Damage    Failure   Level
 Portal Projectile        Hex/Tloc       0%         N/A       98%         3
 Tukima's Dance           Hex            0%         N/A       98%         3
 Blade Hands              Tmut           0%         N/A       100%        5


Dungeon Overview and Level Annotations

Branches:
Dungeon (1/1)

Altars:
Cheibriados
Dithmenos
Elyvilon
Fedhas
Gozag
Hepliaklqana
Kikubaaqudgha
Makhleb
Nemelex Xobeh
Okawaru
Qazlal
Ru
Sif Muna
Trog
Uskayaw
Vehumet
Wu Jian
Xom
Yredelemnul
Zin
The Shining One
Jiyva
Lugonu


Innate Abilities, Weirdness & Mutations

You have a pair of horns on your head.
You reflexively headbutt those who attack you in melee.


Message History

Unknown command.
You bludgeon the orc sorcerer!! You headbutt the orc sorcerer!
You kill the orc sorcerer!
The orc priest is distracted by your dazzling golden aura.
The orc wizard is distracted by your dazzling golden aura.
Your life force feels restored.
Your Fighting skill increases to level 10!
Your Armour skill increases to level 10!
Your Shields skill increases to level 14!
Unknown command.
The orc is distracted by your dazzling golden aura.
Items here: $ ))))) [[.
Items here: ))))))))))) [[[[[[[.
There is an open door, spattered with blood here.
There is an open door here. [a] - 350 gold - resistance and might [b] - 351 gold - heal wounds and magic [c] - 638 gold - haste, brilliance and magic Purchase which effect?
You feel much better. Magic courses through your body.
You feel very mighty all of a sudden. You block the orc knight's attack.
The orc knight hits you with a +0 halberd!
You hit the orc knight.
The orc knight is lightly wounded.
The orc knight barely misses you.
You closely miss the orc knight. Your headbutt misses the orc knight.
The orc knight is lightly wounded.
You bludgeon the orc knight!!
The orc knight is heavily wounded.
The orc knight hits you with a +0 halberd!!
* * * LOW HITPOINT WARNING * * *
You barely miss the orc knight. Your headbutt misses the orc knight.
The orc knight is heavily wounded.
The orc knight barely misses you.
You thump the orc knight!
The orc knight is heavily wounded.
The orc knight hits you with a +0 halberd!!
You die...
Your body crumbles into a pile of gold.

▓▓▓▓▓ ▓▓▓ ..♣.♣ ♣.############ $
$ ...♣♣♣ ♣♣.#___#___#__##$#$$## $
.....♣ ..#.).#__)#)_#.$.ooo $$
...~♣♣♣♣♣.###'#'###'##..ooo $
..~~♣♣♣...#..........#$o.o
.~~~~.♣...'.⌠...@o...#.$o $ $ $
.~≈≈~~~♣♣.#...######'#oo$$ $
~~≈~~~....#.⌠.#__#...#o##########
~≈~~~.....#...#__#...#.o..#.#.#..
~)~.......#)###__#...##$#..#.##.#
..........#)..#__#...o##$#.#.##.#
..........#___#__'...#.)$#..#.)##
▓▓▓▓▓▓▓▓▓▓▓▓▓▓▓▓▓▓▓▓▓▓▓▓▓▓▓▓▓▓▓▓▓


You could see an orc knight.

Vanquished Creatures
  Erolcha (D)
  A deep elf pyromancer (D)
  2 orc sorcerers (D)
  A shadow (D)
  2 redbacks (D)
  A spatial vortex (D)
  2 orc warriors (D)
  5 two-headed ogres (D)
  A necrophage (D)
  A water elemental (D)
  A jelly (D)
  2 orc priests (D)
  A wizard (D)
  Jessica (D)
  A necromancer (D)
  2 orc wizards (D)
  3 humans (D)
  A kobold demonologist (D)
  A phantom (D)
  6 orcs (D)
  An endoplasm (D)
  2 rats (D)
39 creatures vanquished.

Notes
Turn   | Place    | Note
-------+----------+-------------------------------------------
     0 | D        | rocky1 the Minotaur Fighter began the quest for the Orb.
     0 | D        | Reached XP level 1. HP: 19/19 MP: 0/0
     5 | D        | Reached skill level 3 in Maces & Flails
    14 | D        | Noticed Jessica
    23 | D        | Killed Jessica
    24 | D        | Reached skill level 6 in Maces & Flails
    24 | D        | Reached skill level 5 in Shields
    24 | D        | Reached XP level 2. HP: 17/26 MP: 1/1
    24 | D        | Reached XP level 3. HP: 21/31 MP: 2/2
   100 | D        | Reached skill level 7 in Maces & Flails
   215 | D        | Noticed a water elemental
   218 | D        | Killed a water elemental
   219 | D        | Reached skill level 9 in Maces & Flails
   219 | D        | Reached XP level 4. HP: 39/39 MP: 3/3
   343 | D        | Noticed a shadow
   344 | D        | Reached skill level 10 in Maces & Flails
   344 | D        | Reached XP level 5. HP: 42/45 MP: 4/4
   355 | D        | Killed a shadow
   356 | D        | Reached skill level 12 in Maces & Flails
   356 | D        | Reached XP level 6. HP: 35/51 MP: 5/5
   419 | D        | Found a blossoming altar of Fedhas.
   419 | D        | Found a stormy altar of Qazlal.
   419 | D        | Found a snail-covered altar of Cheibriados.
   419 | D        | Found a burning altar of Makhleb.
   419 | D        | Found a shimmering altar of Xom.
   420 | D        | Found a hazy altar of Hepliaklqana.
   420 | D        | Found an opulent altar of Gozag.
   420 | D        | Found a sparkling altar of Nemelex Xobeh.
   420 | D        | Found a corrupted altar of Lugonu.
   420 | D        | Found a viscous altar of Jiyva.
   420 | D        | Noticed a spatial vortex
   429 | D        | Killed a spatial vortex
   430 | D        | Reached skill level 13 in Maces & Flails
   430 | D        | Reached skill level 10 in Shields
   431 | D        | Became a worshipper of Gozag Ym Sagoz the Greedy
   540 | D        | Found a basalt altar of Yredelemnul.
   540 | D        | Found a shadowy altar of Dithmenos.
   540 | D        | Found a sacrificial altar of Ru.
   547 | D        | Reached skill level 14 in Maces & Flails
   706 | D        | Found a radiant altar of Vehumet.
   706 | D        | Found a shimmering blue altar of Sif Muna.
   706 | D        | Found an ancient bone altar of Kikubaaqudgha.
   713 | D        | Reached XP level 7. HP: 56/58 MP: 6/6
   720 | D        | Noticed a sixfirhy
   723 | D        | Reached skill level 1 in Dodging
   846 | D        | Found a glowing silver altar of Zin.
   846 | D        | Found a glowing golden altar of the Shining One.
   846 | D        | Found a white marble altar of Elyvilon.
   847 | D        | Noticed a deep elf pyromancer
   851 | D        | Killed a deep elf pyromancer
   852 | D        | Reached skill level 5 in Fighting
   852 | D        | Reached skill level 15 in Maces & Flails
   852 | D        | Reached skill level 5 in Armour
   924 | D        | Found a hide-covered altar of Uskayaw.
   924 | D        | Found an iron altar of Okawaru.
   924 | D        | Found a bloodstained altar of Trog.
   924 | D        | Found an ornate altar of the Wu Jian Council.
   924 | D        | Noticed a human
   924 | D        | Noticed a human
   958 | D        | Killed a human
   959 | D        | Reached skill level 1 in Evocations
   959 | D        | Reached XP level 8. HP: 67/70 MP: 7/7
  1082 | D        | Reached skill level 5 in Dodging
  1360 | D        | Noticed a two-headed ogre
  1371 | D        | Killed a two-headed ogre
  1432 | D        | Noticed a two-headed ogre
  1433 | D        | Noticed Erolcha
  1449 | D        | Killed a two-headed ogre
  1450 | D        | Reached XP level 9. HP: 42/81 MP: 8/8
  1456 | D        | Killed Erolcha
  1457 | D        | Reached skill level 16 in Maces & Flails
  1596 | D        | Reached skill level 5 in Evocations
  1825 | D        | Noticed an orc sorcerer
  1855 | D        | Noticed a hellwing
  1864 | D        | Killed an orc sorcerer
  1888 | D        | Noticed an orc sorcerer
  1892 | D        | Noticed an orc knight
  1894 | D        | Killed an orc sorcerer
  1895 | D        | Reached skill level 10 in Fighting
  1895 | D        | Reached skill level 10 in Armour
  1917 | D        | Mangled by an orc knight

Illustrated notes

Levels and vault maps discovered:
D:        dungeon_sprint_mu [sprint_mu_entry_forest, sprint_mu_temple_rooms,
          sprint_mu_d1_spiders, sprint_mu_d2_genie, sprint_mu_d3_branching,
          sprint_mu_orc_legion, sprint_mu_elf_gauntlet, sprint_mu_hive_nellie,
          sprint_mu_lair_fedhas, sprint_mu_vaults_butterflies,
          sprint_mu_slime_circle, sprint_mu_shoals_kraken,
          sprint_mu_snake_twists, sprint_mu_blade_basic, sprint_mu_crypt_lich,
          sprint_mu_tomb_spiral, sprint_mu_vestibule_basic,
          sprint_mu_gehenna_hellfire, sprint_mu_dis_giant,
          sprint_mu_tartarus_statrot, sprint_mu_cocytus_islands, sprint_mu_zot1]

Skill      XL: |  1  2  3  4  5  6  7  8  9 |
---------------+----------------------------+-----
Maces & Flails | 6 9 10 12 14 15 16 | 16.9
Shields        | 5 7 9 11 12 14 | 14.1
Fighting       | 6 7 10 | 10.0
Armour         | 6 8 10 | 10.2
Dodging        | 4 6 8 |  8.5
Evocations     | 1 3 5 |  5.0

Action                   |  1- 3 |  4- 6 |  7- 9 || total
-------------------------+-------+-------+-------++-------
Melee: Flail             |    19 |    34 |   141 ||   194
       Headbutt          |     3 |    11 |    24 ||    38
Invok: Potion Petition   |       |       |     1 ||     1
  Use: Potion            |     1 |       |     4 ||     5
 Stab: Distracted        |       |       |     1 ||     1
Armor: Scale mail        |     3 |     2 |    20 ||    25
Dodge: Dodged            |     8 |     7 |    58 ||    73
Block: Buckler           |     1 |     4 |    44 ||    49

Table legend: (Time is in decaauts)
 A = Elapsed time spent in this place.
 B = Non-inter-level travel time spent in this place.
 C = Inter-level travel time spent in this place.
 D = Time resting spent in this place.
 E = Time spent auto-exploring this place.
 F = Levels seen in this place.
 G = Mean time per level.
                   A        B        C        D        E       F      G
               +--------+--------+--------+--------+--------+-----+--------+
         Total |   1889 |   1889 |      0 |   1237 |      0 |   1 | 1889.0 |
       Dungeon |   1889 |   1889 |      0 |   1237 |      0 |   1 | 1889.0 |
               +--------+--------+--------+--------+--------+-----+--------+

Top non-repeatable levels by time:
       D: 1889 daAuts
